AoeStats
← AI

Arena

510137228Analyzed
4v4 RM · 3d ago on Sep 29, 2026· 37m 22s· 8 players
Game mode
Random Map
Map size
Large (8 player)
Population
200
Speed
Normal
Resources
Standard
Victory
Conquest
Starting age
Dark Age
Ending age
Imperial Age
RankedLock teamsTeams togetherTeam positionsShared explorationLock speedFull tech treeHidden civsTurbo modeCheats
Victory
Defeat
🇨🇳 Spanish · China
839
+17
🇨🇳 Turks · China
777
+17
🇨🇳 Teutons · China
774
+17
🇳🇴 Sicilians · Norway
765
+17
🇸🇪 Varangians · Sweden
828
-17
🇲🇽 Bohemians · Mexico
802
-17
🇰🇿 Teutons · Kazakhstan
783
-16
🇸🇪 Britons · Sweden
770
-15
Eärendil
5:34 Loom
11:02 Feudal Age
11:29 Double-Bit Axe
11:27 Horse Collar
19:16 Castle Age
18:48 Wheelbarrow
17:59 Town Watch
20:09 Bow Saw
20:45 Fletching
20:56 Padded Archer Armor
22:00 Bodkin Arrow
Grodan
11:00 Feudal Age
15:40 Castle Age
13:38 Double-Bit Axe
14:44 Loom
17:21 Bow Saw
19:02 Horse Collar
26:59 Wheelbarrow
27:02 Forging
29:50 Heavy Plow
33:51 Imperial Age
31:44 Gold Mining
31:45 Stone Mining
31:40 Elite Skirmisher
33:09 Padded Archer Armor
32:59 Fletching
37:24 Leather Archer Armor
37:04 Bodkin Arrow
37:37 Careening
38:35 Chemistry
37:48 Fortified Wall
Lavran
13:52 Feudal Age
16:43 Double-Bit Axe
20:05 Castle Age
Gotha
12:05 Feudal Age
13:05 Horse Collar
16:34 Castle Age
15:01 Fletching
15:23 Double-Bit Axe
16:16 Stone Mining
18:44 Gold Mining
19:56 Ballistics
29:58 Imperial Age
27:38 Treadmill Crane
27:54 Murder Holes
28:05 Padded Archer Armor
29:11 Wheelbarrow
28:43 Bodkin Arrow
30:13 Hand Cart
31:04 Conscription
31:03 Elite Longbowman
32:01 Squires
31:58 Town Watch
32:40 Pikeman
34:20 Warwolf
34:47 Yeomen
33:56 Halberdier
36:14 Warwolf
37:05 Arson
38:37 Chemistry
37:39 Bracer
331165679
10:51 Feudal Age
15:29 Castle Age
13:50 Double-Bit Axe
20:50 Horse Collar
21:33 Bow Saw
22:59 Heavy Plow
24:53 Gold Mining
26:06 Caravan
26:54 Stone Mining
27:58 Wheelbarrow
30:46 Imperial Age
29:19 Squires
29:05 Gambesons
29:05 Arson
31:13 Scale Mail Armor
31:23 Forging
31:29 Bloodlines
31:48 Hand Cart
32:26 Conscription
32:27 Ironclad
32:34 Chain Mail Armor
34:08 Chemistry
33:21 Fortified Wall
33:36 Cavalier
34:53 Plate Mail Armor
34:58 Iron Casting
36:33 Scale Barding Armor
36:47 Paladin
种田养鱼
10:21 Feudal Age
14:19 Castle Age
12:49 Double-Bit Axe
14:27 Loom
18:16 Horse Collar
29:13 Fletching
35:13 Bodkin Arrow
AI
10:46 Feudal Age
15:39 Castle Age
14:15 Double-Bit Axe
25:56 Loom
31:42 Imperial Age
32:23 Wheelbarrow
32:00 Padded Archer Armor
31:52 Fletching
36:03 Conscription
Lænsmannj
8:46 Loom
10:49 Feudal Age
11:47 Double-Bit Axe
13:36 Horse Collar
16:52 Fletching
22:35 Castle Age
20:43 Scale Mail Armor
22:04 Bloodlines
23:09 Stone Mining
24:49 Bow Saw
24:44 Bodkin Arrow
26:04 Heavy Plow
27:49 Elite Skirmisher
28:57 Gold Mining
29:47 Wheelbarrow
29:27 Padded Archer Armor
30:53 Chain Mail Armor
30:49 Forging
31:55 Gold Shaft Mining
31:33 Herbal Medicine
38:31 Imperial Age
Connection lost

Rejoining the realm…

Still unreachable

The connection could not be restored.

Session expired

The server has moved on; the page needs a fresh start.